Map: Orbital Shipyard

Players

Solbessx

  • Race: Zerg Zerg
  • League: Platinum

MorN - Winner!

  • Race: Terran Terran
  • League: Platinum

VOD

Have the link to the VOD?

Description

Time

  • Played on: Nov. 9, 2015, 9:27 p.m.
  • Length: 9:16
Show
View Real Time Build Order
Export as new Build Order

Solbessx Zerg 

Build Orders: Hatch First 

Get SALT Encoding   

  12  0:03  Drone  
  13  0:13  Overlord  
  13  0:22  Drone  
  14  0:31  Drone  
  14  0:32  Drone  
  16  0:35  Drone  
  17  0:53  Hatchery  
  17  0:57  Drone  
  17  1:00  Drone  
  18  1:14  Extractor, Spawning Pool  
  18  1:17  Drone  
  17  1:23  Drone  
  18  1:29  Drone  
  19  1:39  Overlord  
  19  1:51  Drone  
  20  2:00  Queen  
  22  2:04  Queen  
  22  2:05  Zergling x2  
  22  2:06  Zergling x2  
  26  2:12  Drone  
  27  2:18  Metabolic Boost  
  27  2:20  Drone  
  28  2:23  Drone  
  29  2:40  Queen  
  29  2:43  Drone  
  32  2:44  Overlord  
  32  2:45  Drone x2  
  33  2:59  Drone x2  
  35  3:06  Hatchery  
  35  3:08  Zergling x4  
  35  3:11  Drone  
  36  3:13  Drone x4  
  36  3:17  Zergling x4  
  42  3:25  Drone, Overlord  
  43  3:29  Overlord  
  43  3:35  Overlord  
  43  3:54  Drone  
  43  3:55  Drone x7  
  51  4:00  Extractor  
  51  4:01  Extractor  
  49  4:09  Roach Warren  
  48  4:13  Evolution Chamber  
  47  4:17  Drone x3  
  47  4:18  Drone  
  47  4:19  Queen  
  47  4:23  Drone  
  54  4:32  Overlord x2  
  54  4:36  Drone x7  
  61  4:40  Zerg Missile Weapons Level 1  
  61  4:41  Overlord  
  61  4:46  Overlord  
  61  4:50  Overlord  
  61  4:51  Overlord  
  61  5:02  Roach x6  
  61  5:04  Roach  
  75  5:14  Zergling x6  
  75  5:15  Zergling x2  
  75  5:20  Zergling x2  
  80  5:23  Zergling x2  
  81  5:29  Zergling x2  
  81  5:30  Zergling x14  
  89  5:40  Zergling x4  
  88  6:00  Zergling x10  
  88  6:01  Zergling x14  
  91  6:17  Roach  
  91  6:18  Roach x5  
  95  6:29  Roach  
  95  6:30  Roach x3  
  91  6:36  Extractor x2  
  78  6:45  Queen x3  
  80  6:51  Ravager x8  
  88  6:56  Spine Crawler  
  88  6:58  Drone  
  88  6:59  Drone x11  
  101  7:14  Zergling x10  
  93  7:21  Queen  
  92  7:30  Drone  
  92  7:31  Drone x2  
  92  7:35  Drone  
  92  7:36  Drone x4  
  100  7:44  Overlord x3  
  80  8:03  Roach x9  
  76  8:16  Drone  
  76  8:17  Drone x3  
  80  8:23  Zergling x4  
  82  8:27  Ravager x2  
  82  8:30  Drone  
  82  8:31  Drone x2, Extractor  
  82  8:32  Drone x2  
  88  8:35  Ravager  
  88  8:40  Drone x3  
  92  8:47  Zergling x4  
  92  8:48  Zergling x4  
  96  8:56  Roach x5  
Show
View Real Time Build Order
Export as new Build Order

MorN Terran - Winner!

Build Orders: Reaper Expand, MMM Bio 

Get SALT Encoding   

  12  0:00  SCV  
  13  0:13  SCV  
  14  0:17  Supply Depot  
  14  0:25  SCV  
  15  0:39  SCV  
  15  0:40  Barracks  
  16  0:46  Refinery  
  16  0:51  SCV  
  17  1:03  SCV  
  18  1:15  SCV  
  19  1:28  Orbital Command  
  19  1:30  Reaper  
  20  1:45  Command Center  
  20  1:55  SCV  
  21  2:07  SCV, Barracks Reactor  
  22  2:14  Supply Depot  
  22  2:19  SCV  
  23  2:28  Factory  
  23  2:35  SCV  
  24  2:48  Marine x2  
  24  2:49  SCV  
  27  2:55  Barracks  
  27  2:56  Barracks  
  27  3:05  SCV, Orbital Command  
  28  3:06  Marine x2  
  30  3:21  Refinery, Starport  
  30  3:33  SCV, Hellion x2  
  36  3:34  SCV  
  36  3:37  Barracks Tech Lab  
  36  3:50  SCV  
  36  3:51  SCV  
  36  3:53  Barracks Tech Lab x2  
  38  3:59  Hellion x2  
  42  4:04  SCV x2  
  42  4:06  Stimpack  
  42  4:07  Marine  
  45  4:12  Barracks Reactor  
  45  4:15  Refinery  
  45  4:16  SCV  
  46  4:22  Supply Depot  
  46  4:23  Supply Depot  
  46  4:27  Starport Reactor  
  46  4:35  Engineering Bay  
  46  4:42  Combat Shields  
  46  4:44  SCV x2, Hellion x2, Marine x2  
  54  4:46  Supply Depot  
  54  4:50  Marine x2  
  56  4:56  SCV x2  
  58  5:01  Supply Depot  
  58  5:02  Marine x2  
  58  5:05  Medivac  
  62  5:08  SCV, Medivac  
  62  5:09  Hellion x2  
  62  5:10  SCV  
  70  5:21  Supply Depot  
  70  5:22  Marine x4  
  70  5:25  Supply Depot  
  70  5:27  Terran Infantry Weapons Level 1  
  74  5:33  Hellion x2  
  78  5:42  Marine  
  79  5:54  SCV x2  
  81  5:58  Hellion x2  
  81  5:59  Marauder, Marine  
  81  6:00  Marauder  
  90  6:04  Bunker x2  
  89  6:16  Marine x2  
  89  6:18  SCV x2  
  89  6:20  Marine  
  90  6:27  Marine  
  90  6:29  Command Center  
  90  6:30  SCV x2  
  93  6:34  Marine  
  93  6:38  Marine  
  92  6:42  Marine  
  92  6:45  Marine  
  86  6:49  Medivac x2  
  86  6:52  Marine  
  91  6:54  Supply Depot  
  91  6:55  Marine  
  91  6:59  Marine  
  91  7:00  SCV  
  94  7:04  Supply Depot  
  94  7:05  Supply Depot, SCV, Marine  
  90  7:14  SCV  
  91  7:16  Marine x2  
  91  7:17  Supply Depot, SCV  
  91  7:18  Marauder  
  91  7:19  Medivac x2  
  100  7:27  Hellion x2  
  100  7:31  Engineering Bay  
  100  7:32  Armory  
  100  7:42  Marine x2  
  100  7:43  Marauder  
  96  7:59  Marine  
  96  8:00  Marine  
  96  8:03  Marine  
  96  8:04  Marauder  
  96  8:06  Refinery  
  96  8:07  Orbital Command  
  96  8:17  Barracks, Marine  
  96  8:18  Barracks, Marine  
  98  8:20  SCV x2  
  98  8:21  Marine  
  98  8:22  Medivac x2  
  98  8:25  Marine  
  106  8:31  Supply Depot  
  106  8:32  SCV x2  
  108  8:34  SCV  
  108  8:35  Marauder  
  108  8:38  Missile Turret, Marine  
  108  8:40  Missile Turret  
  108  8:41  Hellion x2  
  116  8:43  Marine x2  
  116  8:44  SCV x2  
  120  8:49  SCV  
  121  8:56  Marine  
Tags
 
Add a new tag
Caveats
  • Supply blocks, unpowered buildings, or Contaminate may cause inaccurate times.
  • Supply counts are checked every 10 seconds.